 Dungeon Crawl Stone Soup version 0.31.0-4-g52a2dc7128 (webtiles) character file.

Game seed: 7959577771751442120

214 Arctor the Shooter (level 6, -2/36 HPs)
             Began as a Kobold Hexslinger on Jan 21, 2024.
             Slain by a cerulean imp
             ... wielding a +2 spear
             ... summoned by Natasha
              (3 damage)
             ... on level 2 of the Dungeon.
             The game lasted 00:01:20 (2044 turns).

Arctor the Shooter (Kobold Hexslinger)              Turns: 2044, Time: 00:01:21

Health: -2/36      AC:  3    Str:  5    XL:     6   Next: 15%
Magic:  9/9        EV: 16    Int: 15    God:
Gold:   99         SH:  0    Dex: 19    Spells: 10/10 levels left

rFire   + . .        a - +1 sling
rCold   x . .        (no shield)
rNeg    . . .        c - +0 robe
rPois   .            (no helmet)
rElec   .            (no cloak)
rCorr   +            (no gloves)
SInv    .            i - +0 pair of boots
Will    .....        (no amulet)
Stlth   +++          j - ring of resist corrosion
HPRegen 0.26/turn    l - ring of fire
MPRegen 0.11/turn

%: no passive effects
@: slowed, very slow
A: small, no large weapons, nightstalker 3
a: no special abilities


You were on level 2 of the Dungeon.
You visited 1 branch of the dungeon, and saw 2 of its levels.

You collected 99 gold pieces.

Inventory:

Hand Weapons
 a - a +1 sling (weapon)
Armour
 c - a +0 robe (worn)
 i - a +0 pair of boots (worn)
Jewellery
 j - a ring of resist corrosion (left hand)
 l - a ring of fire (right hand)
Scrolls
 b - 3 scrolls of poison
 d - 2 scrolls of amnesia {unknown}
 e - 2 scrolls of identify {unknown}
 h - a scroll of teleportation {unknown}
 n - a scroll of immolation {unknown}
Potions
 f - a potion of heal wounds {unknown}
 g - 3 potions of might {unknown}
 k - 2 potions of enlightenment {unknown}
 m - a potion of brilliance {unknown}
 o - 2 potions of haste {unknown}


   Skills:
 + Level 2.5 Fighting
 + Level 4.0 Ranged Weapons
 + Level 3.7 Dodging
 + Level 2.5 Spellcasting
 + Level 3.6 Hexes
 + Level 2.2 Fire Magic


You had 10 spell levels left.
You didn't know any spells.
Your spell library contained the following spells:

 Spells                   Type           Power      Damage    Failure   Level
 Jinxbite                 Hex            24%        N/A       7%          2
 Sigil of Binding         Hex            12%        N/A       14%         3
 Inner Flame              Hex/Fire       16%        N/A       19%         3
 Cause Fear               Hex            6%         N/A       43%         4
 Dimensional Bullseye     Hex/Tloc       3%         N/A       69%         4


Dungeon Overview and Level Annotations

Branches:
Dungeon (2/15)

Altars:

Annotations:
D:2 Natasha


Innate Abilities, Weirdness & Mutations

You are small and have problems with some larger weapons.
You are completely attuned to the shadows.


Message History

The sling bullet closely misses Natasha.
Natasha misses you.
Natasha is nearby!
You shoot a sling bullet.
The sling bullet hits Natasha but does no damage.
Natasha is lightly wounded.
Natasha stares at you and mumbles some strange words.
The magic dart hits you!
Natasha casts a spell.
You shoot a sling bullet. The sling bullet hits Natasha!
Natasha is heavily wounded.
Natasha claws you but does no damage. The cerulean imp misses you.
Natasha misses you.
You shoot a sling bullet.
The sling bullet completely misses Natasha.
The cerulean imp hits you from afar with a +1 spear.
Natasha misses you. The cerulean imp closely misses you.
Natasha closely misses you.
You shoot a sling bullet.
The sling bullet closely misses Natasha.
The cerulean imp hits you from afar with a +1 spear.
Natasha stares at you and mumbles some strange words.
The magic dart hits you. The cerulean imp misses you.
Natasha barely misses you.
You don't know any spells.
Sorry, you're not good enough to have a special ability.
You shoot a sling bullet. The sling bullet hits Natasha!
Natasha is almost dead.
The cerulean imp closely misses you.
Natasha mumbles some strange words.
The cerulean imp hits you from afar with a +1 spear.
You shoot a sling bullet.
The sling bullet closely misses Natasha.
Natasha stares at you and mumbles some strange words.
The magic dart hits you!
* * * LOW HITPOINT WARNING * * *
The cerulean imp hits you from afar with a +1 spear.
* * * LOW HITPOINT WARNING * * *
The cerulean imp hits you with a +2 spear.
You die...

#.#
#.........
#.#
##..###### #
#.# #..###
#.######.#
#.....
#.#......#
#.#####
#.......##
#.....###
###...#.#
#####.#..
##.#.#5#.##
#.#.#
#.....@...#
#.#.#
##..5h...##
#.#.#
#..........#
#.#.#
##.......#.#
#.#.#
#...)>.....#
#.#.#
##.......#.#
#.#.#
#..†.......#
#.#.#
##.#†#.#.#.#
###.#.# #
#.###...#
#...†.#


You could see Natasha and 2 cerulean imps.

Vanquished Creatures
  A bombardier beetle (D:2)
  Natasha (twice) (D:2)
  Terence (D:2)
  Robin (D:2)
  5 adders (D:2)
  2 dart slugs (D:2)
  4 ball pythons
  3 endoplasms
  2 giant cockroaches (D:1)
  11 goblins
  6 hobgoblins (D:2)
  7 kobolds
  6 bats
  3 rats
54 creatures vanquished.

Notes
Turn   | Place    | Note
-------+----------+-------------------------------------------
     0 | D:1      | Arctor the Kobold Hexslinger began the quest for the Orb.
     0 | D:1      | Reached XP level 1. HP: 12/12 MP: 2/2
   131 | D:1      | Reached XP level 2. HP: 13/16 MP: 3/3
   432 | D:1      | Reached skill level 3 in Ranged Weapons
   756 | D:1      | Reached XP level 3. HP: 20/20 MP: 5/5
  1130 | D:2      | Noticed Terence
  1136 | D:2      | Killed Terence
  1217 | D:2      | Reached XP level 4. HP: 24/26 MP: 6/6
  1353 | D:2      | Noticed Robin
  1364 | D:2      | Killed Robin
  1365 | D:2      | Reached XP level 5. HP: 23/30 MP: 8/8
  1804 | D:2      | Noticed Natasha
  1810 | D:2      | Killed Natasha
  1922 | D:2      | Noticed Natasha
  1924 | D:2      | Reached XP level 6. HP: 36/36 MP: 9/9
  1930 | D:2      | Killed Natasha
  1931 | D:2      | Reached skill level 4 in Ranged Weapons
  2035 | D:2      | Noticed Natasha
  2044 | D:2      | HP: 1/36 [cerulean imp/+1 spear[Natasha] (5)]
  2044 | D:2      | Slain by a cerulean imp

Illustrated notes

Levels and vault maps discovered:
D:1:      psy_arrival_conway, layout_loops_corners, serial_forest,
          infiniplex_forest_straight_3, infiniplex_forest_straight_3,
          infiniplex_forest_straight_1, infiniplex_forest_end_2,
          infiniplex_forest_clump_tiny, st_stairs_14, minivault_26
D:2:      layout_loops_ring, st_stairs_4, uniq_natasha, uniq_robin, uniq_terence

Skill      XL: |  1  2  3  4  5  6 |
---------------+-------------------+-----
Ranged Weapons | 3 4 |  4.0
Dodging        | 3 |  3.7
Fighting       | 2 |  2.5
Spellcasting   | 2 |  2.5
Fire Magic     | 2 |  2.2
Hexes          | |  3.6

Action                     |  1- 3 |  4- 6 || total
---------------------------+-------+-------++-------
   Fire: Sling             |    67 |   116 ||   183
 Armour: Robe              |    17 |    44 ||    61
  Dodge: Dodged            |    37 |   100 ||   137
